 Dungeon Crawl Stone Soup version 0.27-a0-1101-ge311f74bc8 (webtiles) character file.

Game seed: 6095091571801870508

647565 toffzen the Conqueror (level 27, -14/218 HPs)
             Began as a Green Draconian Berserker on Apr 21, 2021.
             Was a High Priest of Trog.
             Killed from afar by an orb of fire (24 damage)
             ... with a fireball
             ... on level 5 of the Realm of Zot on Apr 28, 2021.
             The game lasted 03:38:14 (95124 turns).

toffzen the Conqueror (Green Draconian Berserker)  Turns: 95124, Time: 03:38:14

Health: -14/218    AC: 22    Str: 13    XL:     27
Magic:  0/7        EV: 36    Int: 10    God:    Trog [*****.]
Gold:   8760       SH: 34    Dex: 24    Spells: 26/26 levels left

rFire    + + .     SeeInvis .   a - +7 morningstar of the Depths {antimagic, rElec Int+3 Dex+2}
rCold    . . .     Faith    .   K - +10 tower shield of Ignorance {rN+ Int-4}
rNeg     + . .     Spirit   +   (armour unavailable)
rPois    +         Reflect  .   h - +2 hat
rElec    +         Harm     .   l - scarf {shadows}
rCorr    +         Rampage  .   O - +3 pair of gauntlets of War {Slay+5}
Will     ++...     Rnd*Rage +   t - +2 pair of boots
Stlth    ++........             E - amulet of guardian spirit
HPRegen  0.46/turn              R - ring of Yraeqim {rF+ rCorr Dex+6 Slay+3}
MPRegen  0.10/turn              w - ring "Bushra" {rPois rF+ EV+4 Str-5 Int+4}

@: unable to read, on berserk cooldown, hasted and slowed, studying 3 skills
A: breathe noxious fumes, AC +13, unfitting armour, stinger 1, poison
resistance, cold-blooded, berserk 1, clumsy 1, deterioration 1, dopey 2, frail
2, screaming 1, weak 2, no potion heal 1, inability to read while threatened
}: 3/15 runes: barnacled, silver, gossamer
a: Breathe Noxious Fumes, Renounce Religion, Berserk, Trog's Hand, Brothers in
Arms


You were on level 5 of the Realm of Zot.
You worshipped Trog.
Trog was extremely pleased with you.
You visited 10 branches of the dungeon, and saw 52 of its levels.
You also visited: Gauntlet.

You collected 10227 gold pieces.
You spent 1467 gold pieces at shops.

Inventory:

Hand Weapons
 a - the +7 morningstar of the Depths (weapon) {antimagic, rElec Int+3 Dex+2}
   (Trog gifted it to you on level 2 of the Elven Halls)

   It reduces the magical energy of the wielder, and disrupts the spells and
   magical abilities of those hit.
   Natural abilities and divine invocations are not affected.
   It affects your intelligence (+3).
   It affects your dexterity (+2).
   It insulates you from electricity.
 b - the +7 morningstar "Beast's Funeral" {vorpal, rElec rF+ Str+4 Dex-4}
   (Trog gifted it to you on level 3 of the Elven Halls)

   It inflicts extra damage upon your enemies.
   It affects your strength (+4).
   It affects your dexterity (-4).
   It protects you from fire.
   It insulates you from electricity.
 d - a +9 eveningstar of draining
 y - the +8 morningstar of the Walnut {holy, Stlth+}
   (You found it on level 2 of the Depths)

   It has been blessed by the Shining One to cause great damage to the undead
   and demons.
   It makes you more stealthy.
 D - the +7 eveningstar of Huets {flame, *Slow rElec rC+ Str+3}
   (Trog gifted it to you on level 2 of the Orcish Mines)

   It has been specially enchanted to burn those struck by it, causing extra
   injury to most foes and up to half again as much damage against particularly
   susceptible opponents.
   It affects your strength (+3).
   It protects you from cold.
   It insulates you from electricity.
   It may slow you when you take damage.
 J - a +4 demon whip of flaming
Missiles
 e - 1316 stones
 B - 7 throwing nets
Armour
 h - a +2 hat (worn)
 l - a scarf of shadows (worn)
 m - a +0 tower shield of fire resistance
 t - a +2 pair of boots (worn)
 K - the +10 tower shield of Ignorance (worn) {rN+ Int-4}
   (You found it on level 1 of the Orcish Mines)

   It affects your intelligence (-4).
   It protects you from negative energy.
 O - the +3 pair of gauntlets of War (worn) {Slay+5}
   (You found it on level 5 of the Vaults)

   It affects your accuracy and damage with ranged weapons and melee attacks
   (+5).
Jewellery
 c - a ring of ice
 f - the ring "Utigruc" {Ice Int+2}
   (You took it off an orc on level 1 of the Orcish Mines)

   [ring of ice]

   It enhances your ice magic.
   It affects your intelligence (+2).
   It makes you vulnerable to fire.
   It protects you from cold.
 w - the ring "Bushra" (right hand) {rPois rF+ EV+4 Str-5 Int+4}
   (You took it off a spriggan defender on level 3 of the Depths)

   [ring of evasion]

   It affects your evasion (+4).
   It affects your strength (-5).
   It affects your intelligence (+4).
   It protects you from fire.
   It protects you from poison.
 C - a ring of see invisible
 E - an amulet of guardian spirit (around neck)
 P - a ring of willpower
 R - the ring of Yraeqim (left hand) {rF+ rCorr Dex+6 Slay+3}
   (You took it off a vault warden on level 5 of the Vaults)

   [ring of dexterity]

   It affects your dexterity (+6).
   It affects your accuracy and damage with ranged weapons and melee attacks
   (+3).
   It protects you from fire.
   It protects you from acid and corrosion.
 U - a ring of positive energy
 Y - the ring of the Dancing Scavenger {Wiz rElec Will++ Stlth+}
   (You bought it in a shop on level 7 of the Dungeon)

   [ring of wizardry]

   It improves your spell success rate.
   It insulates you from electricity.
   It greatly increases your willpower.
   It makes you more stealthy.
Wands
 k - a wand of polymorph (22)
 o - a wand of flame (148)
 r - a wand of mindburst (57)
 M - a wand of iceblast (53)
 T - a wand of charming (28)
 V - a wand of acid (37)
 W - a wand of digging (17)
Scrolls
 g - 7 scrolls of noise
 p - 28 scrolls of identify
 s - 9 scrolls of fear
 x - 4 scrolls of enchant weapon
 z - 2 scrolls of blinking
 G - 6 scrolls of magic mapping
 L - 3 scrolls of silence
 Q - 7 scrolls of teleportation
 S - 4 scrolls of enchant armour
 X - a scroll of torment
 Z - 4 scrolls of fog
Potions
 i - 24 potions of curing
 j - 4 potions of heal wounds
 n - 4 potions of attraction
 q - 10 potions of haste
 u - 5 potions of resistance
 v - 9 potions of might
 A - 6 potions of lignification
 F - 4 potions of invisibility
 H - 4 potions of cancellation
 I - 5 potions of flight
 N - 12 potions of mutation


   Skills:
 O Level 27 Fighting
 - Level 20.5 Maces & Flails
 + Level 22.1 Dodging
 + Level 24.5 Shields
 - Level 11.0 Evocations


You had 26 spell levels left.
You didn't know any spells.
Your spell library was empty.

Dungeon Overview and Level Annotations

Branches:
Dungeon (15/15)            Temple (0/1) D:6            Lair (6/6) D:11
 Shoals (4/4) Lair:2       Spider (4/4) Lair:3        Slime (0/5) Lair:6
    Orc (2/2) D:9             Elf (3/3) Orc:2        Vaults (5/5) D:14
  Crypt (3/3) Vaults:2       Tomb (0/3) Crypt:3      Depths (5/5) D:15
    Zot (5/5) Depths:5    Gauntlet (visited)

Altars:
Ashenzari
Dithmenos
Elyvilon
Fedhas
Gozag
Hepliaklqana
Kikubaaqudgha
Makhleb
Okawaru
Qazlal
Ru
Uskayaw
Vehumet
Wu Jian
Xom
Yredelemnul
The Shining One
Beogh
Lugonu

Shops:
D:2 (!*!?   D:7 (=*(   D:10 [   Orc:1 :   Orc:2 :::(   Elf:1 [   Vaults:2 [
Vaults:3 *   Depths:5 *

Portals:
Hell: Depths:1 Depths:2 Depths:3 Depths:4 Depths:5
Abyss: Depths:1 Depths:4
Pandemonium: Depths:3
Ziggurat: Depths:5
Trove: D:15 (give 15 scrolls of teleportation)

Annotations:
D:5 exclusion: 2 doors
D:6 3 runed translucent doors, kae's ghost, novice NaTm
Lair:3 2 exclusions
Shoals:2 1 runed translucent door
Shoals:4 exclusion: oklob plant
Elf:2 exclusion: 2 lightning spires
Vaults:2 2 transporters
Depths:2 2 transporters, Dynuikaup's ghost, veteran TeCj
Depths:5 exclusions: angel, daeva, downstairs and 6 more exclusions
Zot:4 1 runed translucent door, Muim's ghost, legendary DrCj


Innate Abilities, Weirdness & Mutations

You can breathe blasts of noxious fumes.
Your lurid green scales are hard. (AC +13)
You cannot fit into any form of body armour.
Your tail ends in a poisonous barb.
Your system is resistant to poisons. (rPois)
You are cold-blooded and may be slowed by cold attacks.
You tend to lose your temper in combat.
You are clumsy. (Dex -2)
Your body sometimes deteriorates upon taking damage.
You are very dopey. (Int -4)
You are very frail. (-20% HP)
You occasionally shout uncontrollably at your foes.
You are very weak. (Str -4)
Potions are less effective at restoring your health.
You sometimes lose the ability to read scrolls when taking damage.


Message History

The bolt of fire misses the orb of fire.
The bolt of fire misses you.
The orb of fire emits a lurid red light.
The fireball explodes!
The fireball engulfs you!! You resist.
* * * LOW HITPOINT WARNING * * *
You open the door.
The orb of fire emits a lurid red light.
Strange energies course through your body.
You feel the urge to shout. You block the dread lich's attack.
The orb of fire glows deep purple.
The bolt of fire hits the orb of fire.
The orb of fire completely resists.
The bolt of fire hits you!! You resist.
* * * LOW HITPOINT WARNING * * *
The orb of fire glows yellow.
The bolt of fire misses you.
The dread lich points at itself and mumbles some strange words.
The dread lich flickers and vanishes!
Deactivating autopickup; reactivate with Ctrl-A.
There is an open door here.
The dread lich gestures wildly while chanting.
The orb of fire glows yellow.
The bolt of fire hits the orb of fire.
The orb of fire completely resists.
The bolt of fire misses the orb of fire.
The bolt of fire hits you! You resist.
* * * LOW HITPOINT WARNING * * *
The orb of fire emits a lurid red light.
Strange energies course through your body.
You feel frail.
You open the door.
The orb of fire glows bright magenta.
The bolt of fire hits the orb of fire.
The orb of fire completely resists.
The bolt of fire misses the orb of fire.
The bolt of fire misses you.
The Tzitzimitl calls on the powers of darkness!
Your body is wracked with pain!
* * * LOW HITPOINT WARNING * * *
The orb of fire emits a lurid red light.
The fireball explodes!
The fireball engulfs you!! You resist.
You die...

..##....1.#.......#........#.....
.##...<..2'.......'...#...##.....
........###1......#.).#⌠..##'#...
##...#### ##.2*..###).##'###.##.#
......## ##.*.##.#'###.##...###
###....## ##*##.##.##...##...#
..##....### ##...##..#.....'..##
.).#......# #....#...##...##.##
...###...####...@#....##.#####
...# #......+....'..<..### ####
##.....##...##.....#
#.....###...##...## #######
##...##### #####


You could see 3 orbs of fire, a Tzitzimitl (summoned) and a cacodemon
(summoned).

Vanquished Creatures
  An ancient lich (Crypt:3)
  A dread lich (Vaults:4)
  3 orbs of fire
  Mara (Vaults:4)
  Mennas (Depths:5)
  A juggernaut (Depths:4)
  Sojobo (Depths:1)
  3 Killer Klowns (Zot:5)
  Boris (Depths:3)
  Margery (Vaults:2)
  Saint Roka (Orc:2)
  Frederick (Crypt:3)
  5 caustic shrikes (Depths:3)
  2 curse toes
  12 golden dragons
  Jory (Crypt:3)
  A bone dragon (Crypt:3)
  the Enchantress (Depths:5)
  Arachne (Spider:3)
  2 electric golems
  10 tentacled monstrosities
  Rupert (Lair:4)
  7 Orb Guardians (Zot:5)
  Asterion (Depths:3)
  12 titans
  9 liches
  A deep elf master archer (Elf:3)
  An acid blob (shapeshifter) (Vaults:5)
  2 quicksilver dragons
  2 ancient champions
  7 death cobs
  4 sphinxes
  11 tengu reavers
  8 shadow dragons
  19 storm dragons
  2 revenants
  A draconian monk (Zot:5)
  10 deep elf sorcerers
  7 fire giants
  A draconian scorcher (Depths:5)
  10 frost giants
  2 draconian knights
  4 ghost moths
  21 vault wardens
  8 deep elf elementalists
  Louise (Shoals:4)
  5 orc warlords
  13 ironbound preservers
  4 emperor scorpions
  3 ghouls
  2 draconian stormcallers
  6 war gargoyles
  7 spriggan defenders
  15 stone giants
  4 draconian annihilators
  34 very ugly things
  Nessos (Lair:4)
  8 vampire knights
  6 green draconians
  10 deep elf demonologists
  9 deep elf annihilators
  3 purple draconians
  3 black draconians (Depths:5)
  4 entropy weavers
  17 spark wasps
  5 dire elephants
  A minotaur (Gauntlet)
  11 white draconians
  5 yellow draconians
  6 red draconians
  4 merfolk javelineers
  6 deep elf death magi
  11 merfolk impalers
  3 crystal guardians (Crypt:3)
  5 jiangshi (Crypt:2)
  18 ettins
  10 fire dragons
  3 eidola
  19 yaktaur captains
  41 vault guards
  8 hydras
  5 rakshasas
  7 deep elf high priests
  2 hell beasts (Depths:5)
  8 great orbs of eyes
  3 ice dragons
  A hydra (shapeshifter) (Elf:1)
  7 ironbound thunderhulks
  10 boulder beetles
  4 ogre magi
  2 satyrs
  8 spriggan air magi
  3 merfolk avatars
  7 ironbound frosthearts
  A merfolk aquamancer (Shoals:1)
  Erica (D:9)
  14 centaur warriors
  7 catoblepae
  3 death knights
  28 dancing weapons
  2 alligator snapping turtles
  23 two-headed ogres
  9 death yaks
  7 deep troll earth magi
  13 tengu warriors
  4 deep troll shamans
  A titan zombie (Crypt:3)
  7 spriggan berserkers
  7 vampire magi
  23 hell knights
  2 shock serpents (Elf:2)
  5 ironbound beastmasters
  14 deep elf knights
  2 soul eaters
  9 iron trolls
  An anaconda zombie (Crypt:2)
  16 sea snakes
  A quicksilver dragon simulacrum (Depths:5)
  A storm dragon skeleton (Crypt:3)
  5 flayed ghosts
  A glowing orange brain (shapeshifter) (Depths:2)
  35 skeletal warriors
  A glowing orange brain (Depths:3)
  39 deep trolls
  10 wizards
  A swamp dragon (D:13)
  9 deep elf archers
  2 bog bodies (Crypt:1)
  10 phantasmal warriors
  4 lindwurms
  22 wolf spiders
  18 ironbound convokers
  33 deep elf pyromancers
  A stone giant zombie (Crypt:1)
  23 deep elf zephyrmancers
  16 harpies
  13 necromancers
  21 fauns
  16 orb spiders
  19 orc knights
  An oklob plant (D:11)
  An orb spider (shapeshifter) (Depths:2)
  A faun (shapeshifter) (Depths:2)
  12 orc sorcerers
  35 ugly things
  13 cyclopes
  18 slime creatures
  A fire giant zombie (Crypt:3)
  12 manticores
  2 will-o-the-wisps (D:13)
  18 vault sentinels
  5 merfolk sirens
  22 moths of wrath
  A fire giant skeleton (Crypt:1)
  12 elephants
  3 black mambas (Lair:6)
  5 water nymphs
  7 torpor snails
  2 naga magi (D:15)
  A rime drake (shapeshifter) (Depths:3)
  14 cane toads
  3 rime drakes
  An unseen horror (D:12)
  A grey draconian zombie (Crypt:2)
  8 tengu conjurers
  An efreet (D:13)
  9 komodo dragons
  38 yaktaurs
  5 freezing wraiths
  A yaktaur (shapeshifter) (Vaults:5)
  23 demonic crawlers
  A silent spectre (Vaults:2)
  A harpy zombie (Crypt:3)
  2 sea snake skeletons
  17 hornets
  A jumping spider (shapeshifter) (Depths:2)
  2 queen bees (shapeshifter)
  17 meliai
  49 jumping spiders
  A tyrant leech (shapeshifter) (Depths:2)
  13 trolls
  18 merfolk
  A wolf spider simulacrum (D:14)
  2 hornets (shapeshifter) (Depths:2)
  5 wind drakes
  A harpy skeleton (Crypt:3)
  A wind drake (shapeshifter) (Depths:2)
  Prince Ribbit (D:9)
  2 raiju (Elf:2)
  3 slime creatures (shapeshifter)
  17 blink frogs
  An ice dragon zombie (Crypt:3)
  8 snapping turtles
  A fire dragon zombie (Crypt:3)
  An alligator zombie (Crypt:3)
  28 tarantellas
  An ice dragon skeleton (Crypt:3)
  17 flying skulls
  2 ettin skeletons
  10 spriggans
  An air elemental (Elf:2)
  72 redbacks
  A satyr skeleton (Crypt:1)
  7 wraiths
  A wyvern (Lair:1)
  2 centaur simulacra (D:15)
  6 shadows
  A black mamba skeleton (Crypt:1)
  2 yaks (shapeshifter)
  A human (shapeshifter) (Depths:2)
  22 water elementals
  A basilisk (shapeshifter) (Depths:2)
  2 basilisks
  A golden eye (shapeshifter) (Depths:2)
  A steam dragon (D:8)
  A fire elemental (Elf:2)
  75 yaks
  13 vampire mosquitoes
  2 swamp worms (shapeshifter)
  A merfolk zombie (Crypt:3)
  9 wargs
  2 acid dragons
  A two-headed ogre zombie (Crypt:1)
  16 water moccasins
  A floating eye (Depths:5)
  Duvessa (D:6)
  2 cane toad skeletons (Crypt:1)
  A torturous demonspawn skeleton (Crypt:1)
  A hornet zombie (D:15)
  7 necrophages
  38 orc warriors
  An ice beast (D:6)
  5 sky beasts
  2 swamp dragon zombies (Crypt:2)
  2 black bears
  A manticore zombie (Crypt:3)
  An ice beast (shapeshifter) (Depths:2)
  13 ogres
  An ogre (shapeshifter) (Depths:3)
  22 wolves
  10 boggarts
  10 centaurs
  A rime drake zombie (Crypt:1)
  2 phantoms (D:4)
  2 kobold brigands
  A yaktaur skeleton (Crypt:2)
  11 bullfrogs
  4 earth elementals
  A gnoll sergeant (D:10)
  2 water moccasin zombies
  4 scorpions
  Dowan (D:6)
  4 wights
  2 killer bees (D:9)
  A raiju skeleton (Crypt:1)
  5 howler monkeys
  10 electric eels
  2 hounds
  2 bullfrog zombies (D:5)
  A demonspawn zombie (Crypt:2)
  A jelly (D:8)
  4 centaur zombies
  21 orc priests
  A centaur skeleton (D:5)
  A gnoll shaman (D:10)
  A basilisk skeleton (Crypt:1)
  2 bullfrog skeletons (D:5)
  A scorpion zombie (D:5)
  7 iguanas
  44 orc wizards
  12 human skeletons (Vaults:3)
  7 hell rats (Lair:3)
  A hound zombie (D:5)
  2 deep dwarf skeletons
  Robin (D:3)
  10 river rats (Lair:3)
  4 adders
  7 gnolls
  4 shadow imps
  3 white imps
  2 ufetubi
  2 worms (D:2)
  2 dart slugs
  100 orcs
  5 ball pythons
  6 bats
  5 endoplasms
  3 giant cockroaches (D:1)
  14 goblins
  14 hobgoblins
  7 jackals
  18 kobolds
  6 quokkas
  2 frilled lizards (D:1)
  A frilled lizard zombie (Crypt:1)
  12 rats
2329 creatures vanquished.

Vanquished Creatures (collateral kills)
  Bai Suzhen (Crypt:1)
  A deep elf master archer (Elf:3)
  A fire giant (Depths:3)
  A deep elf sorcerer (Elf:3)
  A deep elf elementalist (Elf:3)
  5 deep elf annihilators
  A deep elf death mage (Elf:3)
  An ettin (Depths:3)
  A deep elf high priest (Elf:3)
  2 fire dragons (Depths:3)
  A yaktaur captain (Vaults:5)
  A dancing weapon (Elf:3)
  A deep troll earth mage (Depths:3)
  4 deep elf zephyrmancers
  3 deep elf pyromancers
  A minotaur zombie (Gauntlet)
  A wyvern (D:9)
  An alligator skeleton (Crypt:1)
  A fire elemental (Elf:3)
  3 yaks (D:9)
  4 orc wizards (Orc:2)
  7 orcs (Orc:2)
43 creatures vanquished.

Vanquished Creatures (others)
  A lich (Depths:5)
  A black draconian (Zot:3)
  An ice dragon (Depths:4)
  2 deep trolls (Depths:3)
  2 deep elf zephyrmancers
  A jumping spider (Spider:4)
  A warg (Vaults:5)
  A necrophage (Crypt:3)
  An orc (Orc:2)
  A ball lightning (Elf:2)
  6 foxfires
  35 fungi
  265 plants
318 creatures vanquished.

Grand Total: 2690 creatures vanquished

Notes
Turn   | Place    | Note
-------+----------+-------------------------------------------
     0 | D:1      | toffzen the Draconian Berserker began the quest for the
                  | Orb.
     0 | D:1      | Reached XP level 1. HP: 19/19 MP: 1/1
   145 | D:1      | Reached XP level 2. HP: 24/26 MP: 2/2
   837 | D:2      | Found Segom's Assorted Antiques.
   990 | D:2      | Reached ** piety under Trog
   991 | D:2      | Reached XP level 3. HP: 31/31 MP: 3/3
  1018 | D:2      | Found Gazel's Magic Scroll Boutique.
  1024 | D:2      | Bought a scroll of teleportation for 33 gold pieces
  1047 | D:2      | Found Hajafuck's Distillery.
  1047 | D:2      | Found Jusuosos's Distillery.
  1065 | D:2      | Bought a potion of curing for 42 gold pieces
  1563 | D:2      | Found Pacialab's Antique Weapon Boutique.
  2004 | D:3      | Found a faded altar of an unknown god.
  2152 | D:3      | Reached XP level 4. HP: 40/40 MP: 4/4
  2226 | D:2      | Reached skill level 4 in Fighting
  2482 | D:3      | Reached XP level 5. HP: 29/46 MP: 5/5
  3117 | D:4      | Noticed Robin
  3118 | D:4      | Reached skill level 5 in Maces & Flails
  3169 | D:3      | Killed Robin
  3344 | D:4      | Reached XP level 6. HP: 53/53 MP: 6/6
  3493 | D:4      | Reached *** piety under Trog
  3668 | D:4      | Reached skill level 5 in Fighting
  3900 | D:4      | Your scales start taking on a lurid green colour.
  3900 | D:4      | Reached XP level 7. HP: 50/61 MP: 7/7
  3900 | D:4      | Gained mutation: Your system is resistant to poisons.
                  | (rPois) [Green Draconian growth]
  4100 | D:5      | Entered Level 5 of the Dungeon
  4196 | D:5      | Found a hide-covered altar of Uskayaw.
  4706 | D:5      | Reached skill level 6 in Fighting
  4713 | D:5      | Reached XP level 8. HP: 45/70 MP: 8/8
  4962 | D:5      | Reached skill level 5 in Dodging
  5138 | D:5      | Found an opulent altar of Gozag.
  5491 | D:5      | Found a shimmering altar of Xom.
  5856 | D:6      | Found an ornate altar of the Wu Jian Council.
  5857 | D:6      | Noticed Duvessa
  5857 | D:6      | Noticed Dowan
  5896 | D:6      | Killed Duvessa
  5897 | D:6      | Reached skill level 7 in Fighting
  5940 | D:6      | Killed Dowan
  6033 | D:6      | Reached **** piety under Trog
  6034 | D:6      | Reached XP level 9. HP: 79/79 MP: 9/9
  6380 | D:6      | Found a runed translucent gate.
  6380 | D:6      | Found a runed translucent gate.
  6380 | D:6      | Noticed a kobold demonologist
  6381 | D:6      | Found a runed translucent gate.
  6381 | D:6      | Noticed kae's ghost (novice NaTm)
  6818 | D:6      | Found an iron altar of Okawaru.
  7022 | D:6      | Found a staircase to the Ecumenical Temple.
  7171 | D:7      | Noticed a boulder beetle
  7345 | D:7      | Found Urony's Weapon Shoppe.
  7382 | D:7      | Found Juquh's Assorted Antiques.
  7458 | D:7      | Killed a boulder beetle
  7459 | D:7      | Reached skill level 8 in Fighting
  7459 | D:7      | Reached skill level 10 in Maces & Flails
  7560 | D:7      | Found Suaclomi's Jewellery Boutique.
  7651 | D:7      | Found Quibi's Antique Weapon Shoppe.
  7722 | D:7      | Found a stormy altar of Qazlal.
  8094 | D:8      | You fall into a shaft and drop 2 floors!
  8094 | D:10     | Entered Level 10 of the Dungeon
  8102 | D:10     | Noticed a two-headed ogre
  8131 | D:10     | Noticed a two-headed ogre
  8143 | D:10     | Killed a two-headed ogre
  8144 | D:10     | Reached XP level 10. HP: 90/90 MP: 10/10
  8677 | D:9      | Reached skill level 9 in Fighting
  8861 | D:9      | Found an iron altar of Okawaru.
  8882 | D:9      | Found a broken altar of Ashenzari.
  9298 | D:8      | Found a white marble altar of Elyvilon.
  9674 | D:9      | Found a staircase to the Orcish Mines.
  9779 | D:9      | Found a glowing golden altar of the Shining One.
  9812 | D:9      | Found a shadowy altar of Dithmenos.
  9908 | D:9      | Reached ***** piety under Trog
 10021 | D:9      | Noticed Erica
 10067 | D:9      | Killed Erica
 10240 | D:9      | Found a blossoming altar of Fedhas.
 10462 | D:9      | Noticed Prince Ribbit
 10474 | D:9      | Killed Prince Ribbit
 10833 | D:9      | Found a hazy altar of Hepliaklqana.
 10865 | D:9      | Found a sacrificial altar of Ru.
 10882 | D:9      | Reached XP level 11. HP: 91/98 MP: 11/11
 11689 | D:10     | Found Uluquath's Armour Shop.
 11710 | D:10     | Killed a two-headed ogre
 11711 | D:10     | Reached skill level 10 in Fighting
 11915 | D:11     | Found a staircase to the Lair.
 11915 | D:11     | Noticed an oklob plant
 12200 | D:11     | Found a gate leading to a gauntlet.
 12212 | Gauntlet | Entered a Gauntlet
 12212 | Gauntlet | Found a transporter.
 12212 | Gauntlet | Found a transporter.
 12212 | Gauntlet | Found a runed translucent door.
 12212 | Gauntlet | Found a runed translucent door.
 12217 | Gauntlet | Found a transporter.
 12217 | Gauntlet | Found a transporter.
 12375 | Gauntlet | Found a transporter.
 12375 | Gauntlet | Found a transporter.
 12396 | Gauntlet | Found a transporter.
 12396 | Gauntlet | Found a transporter.
 12402 | Gauntlet | Noticed an entropy weaver
 12430 | Gauntlet | Found a transporter.
 12461 | Gauntlet | Found a transporter.
 12485 | Gauntlet | Noticed a minotaur
 12519 | Gauntlet | Killed a minotaur
 12522 | Gauntlet | Identified the +2 leather armour of Xom's Fury {+Inv rF-
                  | Dex+6}
 13086 | D:2      | Bought a kite shield for 112 gold pieces
 13298 | D:10     | Reached skill level 1 in Shields
 14109 | D:11     | Killed an oklob plant
 14110 | D:11     | Reached skill level 11 in Fighting
 14201 | Lair:1   | Entered Level 1 of the Lair of Beasts
 14614 | Lair:1   | Reached XP level 12. HP: 103/110 MP: 12/12
 14685 | Lair:1   | Reached skill level 5 in Shields
 16218 | Lair:2   | Reached skill level 12 in Fighting
 16346 | Lair:2   | Noticed a catoblepas
 16373 | Lair:2   | Killed a catoblepas
 16431 | Lair:2   | You fall into a shaft and drop 2 floors!
 16529 | Lair:2   | Found a staircase to the Shoals.
 17077 | Lair:3   | Noticed a seven-headed hydra
 17088 | Lair:3   | Killed a seven-headed hydra
 17184 | Lair:3   | Noticed a boulder beetle
 17199 | Lair:3   | Killed a boulder beetle
 17531 | Lair:3   | Noticed a six-headed hydra
 17562 | Lair:3   | Killed a six-headed hydra
 17565 | Lair:3   | Reached XP level 13. HP: 119/119 MP: 13/13
 17627 | Lair:3   | Identified the +9 flail of a Gauntlet {vorpal, rN+ Int+5
                  | Dex+7} (Trog gifted it to you on level 3 of the Lair of
                  | Beasts)
 17627 | Lair:3   | Received a gift from Trog
 17849 | Lair:3   | Reached skill level 10 in Shields
 17963 | Lair:3   | Found a blossoming altar of Fedhas.
 18145 | Lair:3   | Found a hole to the Spider Nest.
 18593 | Lair:4   | Reached skill level 13 in Fighting
 19183 | Lair:4   | Noticed Rupert
 19187 | Lair:4   | Noticed Nessos
 19192 | Lair:4   | Killed Rupert
 19203 | Lair:4   | Killed Nessos
 19883 | Lair:5   | Reached skill level 10 in Dodging
 20692 | Lair:6   | Entered Level 6 of the Lair of Beasts
 21073 | Lair:6   | Received a gift from Trog
 21354 | Lair:6   | Reached skill level 14 in Fighting
 21357 | Lair:6   | Gained mutation: Your tail ends in a poisonous barb. [Green
                  | Draconian growth]
 21357 | Lair:6   | Reached XP level 14. HP: 132/132 MP: 14/14
 21372 | Lair:6   | Found a staircase to the Slime Pits.
 23802 | Orc:1    | Entered Level 1 of the Orcish Mines
 24215 | Orc:1    | Found Vekixtin's Book Shoppe.
 24366 | Orc:1    | Noticed an orc warlord
 24368 | Orc:1    | Received a gift from Trog
 24616 | D:9      | Killed an orc warlord
 24729 | Orc:1    | Noticed an orc warlord
 25090 | D:9      | Killed an orc warlord
 25132 | Orc:1    | Identified the +9 short sword of the Neverending Lies
                  | {freeze, rElec rPois rC- Str+3}
 25132 | Orc:1    | Identified the ring "Utigruc" {Ice Int+2}
 25133 | Orc:1    | Reached ****** piety under Trog
 25469 | Orc:1    | Reached skill level 15 in Fighting
 25504 | Orc:1    | Reached skill level 15 in Maces & Flails
 25561 | Orc:1    | Found the +10 tower shield of Ignorance {rN+ Int-4}
 25577 | Orc:1    | Identified the +6 plate armour of the Thirteen Wonders
                  | {+Inv rElec rPois Int-4}
 25940 | Orc:2    | Entered Level 2 of the Orcish Mines
 25954 | Orc:2    | Received a gift from Trog
 26006 | Orc:2    | Found Ylaelele's Book Boutique.
 26025 | Orc:2    | Reached XP level 15. HP: 141/141 MP: 15/15
 26051 | Orc:2    | Found Sorphavui's Book Emporium.
 26240 | Orc:2    | Noticed Saint Roka
 26269 | Orc:2    | Identified the +7 eveningstar of Huets {flame, *Slow rElec
                  | rC+ Str+3} (Trog gifted it to you on level 2 of the Orcish
                  | Mines)
 26269 | Orc:2    | Received a gift from Trog
 26274 | Orc:2    | Killed Saint Roka
 26332 | Orc:2    | Found Ziotuppe's Antique Weapon Emporium.
 26332 | Orc:2    | Found Juoreph's Book Boutique.
 26575 | Orc:2    | Found a staircase to the Elven Halls.
 29376 | D:14     | Found a basalt altar of Yredelemnul.
 29383 | D:14     | Received a gift from Trog
 30061 | D:14     | Upgraded the game from 0.27-a0-1060-gcb85b5eba1 to
                  | 0.27-a0-1065-ge809cff456
 30130 | D:14     | Identified the +4 scythe of Causality {drain, Int+3}
 30353 | D:14     | Found a gate to the Vaults.
 30379 | D:14     | Reached skill level 16 in Fighting
 30539 | D:14     | Identified the +5 scimitar "Motwee" {speed, rElec MP+9}
 30677 | D:14     | Reached XP level 16. HP: 132/151 MP: 16/16
 30848 | D:14     | Found an ornate altar of the Wu Jian Council.
 30848 | D:14     | Found a stormy altar of Qazlal.
 30851 | D:14     | Found a burning altar of Makhleb.
 30851 | D:14     | Found an ancient bone altar of Kikubaaqudgha.
 30952 | D:14     | Received a gift from Trog
 31165 | D:14     | Identified the +10 shortbow "Sobeg" {freeze, rC+ Stlth+}
 31170 | D:14     | Identified the +3 dagger of Asaqoem {freeze, Drain rElec
                  | Str+8 Int-4}
 31171 | D:14     | Identified Sif Muna's Disquisition on Harmful Dark Magic
 31547 | D:15     | Entered Level 15 of the Dungeon
 31620 | D:15     | Found a portal to a secret trove of treasure.
 32784 | D:15     | Found a staircase to the Depths.
 32997 | Spider:1 | Entered Level 1 of the Spider Nest
 33407 | Spider:1 | Received a gift from Trog
 35289 | Spider:2 | Identified the +9 falchion of Zyuzerinn {speed, +Blink
                  | rElec rN+ Str-2}
 35552 | Spider:2 | Received a gift from Trog
 36135 | Spider:3 | Noticed Arachne
 36153 | Spider:3 | Killed Arachne
 36307 | Spider:3 | Reached skill level 17 in Fighting
 36636 | Spider:3 | Reached XP level 17. HP: 161/161 MP: 17/17
 37780 | Spider:4 | Entered Level 4 of the Spider Nest
 37784 | Spider:3 | Received a gift from Trog
 39330 | Spider:4 | Reached skill level 15 in Shields
 39370 | Spider:4 | Reached skill level 18 in Fighting
 39377 | Spider:4 | Received a gift from Trog
 39928 | Spider:4 | Got a gossamer rune of Zot
 40320 | Vaults:1 | Entered Level 1 of the Vaults
 41436 | D:7      | Bought the ring of the Dancing Scavenger {Wiz rElec Will++
                  | Stlth+} for 883 gold pieces
 41967 | Vaults:1 | Reached XP level 18. HP: 141/174 MP: 18/18
 42444 | Vaults:1 | Identified a scroll of acquirement
 42445 | Vaults:1 | Acquired 964 gold pieces
 42511 | Vaults:1 | Received a gift from Trog
 42755 | Vaults:1 | Reached skill level 19 in Fighting
 44379 | Vaults:2 | Found Diskepas's Armour Shop.
 44447 | Vaults:2 | Reached skill level 15 in Dodging
 44655 | Vaults:2 | Reached skill level 20 in Fighting
 44676 | Vaults:2 | Received a gift from Trog
 44925 | Vaults:2 | Found a staircase to the Crypt.
 44925 | Vaults:2 | Found a basalt altar of Yredelemnul.
 44926 | Vaults:2 | Found an ancient bone altar of Kikubaaqudgha.
 45763 | Vaults:2 | Identified the +1 robe of Weyl {Dex+4}
 45781 | Vaults:2 | Reached XP level 19. HP: 187/187 MP: 19/19
 45889 | Vaults:2 | Found a transporter.
 45989 | Vaults:2 | Found a transporter.
 46920 | Vaults:3 | Received a gift from Trog
 47869 | Vaults:3 | Found Suvveiq's General Store.
 47872 | Vaults:3 | Bought a scroll of fear for 52 gold pieces
 47872 | Vaults:3 | Bought a potion of haste for 150 gold pieces
 47872 | Vaults:3 | Bought a potion of curing for 45 gold pieces
 47872 | Vaults:3 | Bought a potion of haste for 150 gold pieces
 48476 | Vaults:4 | Noticed Mara
 48615 | Vaults:3 | Reached skill level 21 in Fighting
 49011 | Vaults:4 | Noticed toffzen's illusion
 49541 | Vaults:4 | Noticed toffzen's illusion
 49806 | Vaults:4 | Killed Mara
 51023 | Vaults:4 | Received a gift from Trog
 51438 | Vaults:4 | Reached XP level 20. HP: 200/200 MP: 20/20
 52118 | Elf:1    | Entered Level 1 of the Elven Halls
 52118 | Elf:1    | Found Goikeyfu's Armour Shoppe.
 52205 | Elf:1    | Found a transporter.
 52206 | Elf:1    | Found a radiant altar of Vehumet.
 52478 | Elf:1    | Reached skill level 22 in Fighting
 52949 | Elf:2    | Identified the +7 morningstar of the Depths {antimagic,
                  | rElec Int+3 Dex+2} (Trog gifted it to you on level 2 of the
                  | Elven Halls)
 52949 | Elf:2    | Received a gift from Trog
 53384 | Elf:2    | Found a runed translucent gate.
 53385 | Elf:2    | Found a runed translucent gate.
 53386 | Elf:2    | Found a runed translucent gate.
 53703 | Elf:2    | Received a gift from Trog
 55452 | Elf:1    | Found a transporter.
 55501 | Elf:1    | Identified the +0 cloak of the Harp {rCorr}
 55752 | Shoals:1 | Entered Level 1 of the Shoals
 56151 | Shoals:1 | Received a gift from Trog
 57549 | Shoals:2 | Found a runed translucent door.
 57610 | Shoals:2 | Reached skill level 23 in Fighting
 57622 | Shoals:2 | Upgraded the game from 0.27-a0-1065-ge809cff456 to
                  | 0.27-a0-1084-g78b3836a5f
 58532 | Shoals:3 | Reached skill level 1 in Evocations
 58532 | Shoals:3 | Reached XP level 21. HP: 177/211 MP: 7/21
 58773 | Shoals:3 | Found the +5 scythe "Finisher" {speed, eviscerate}
 59210 | Shoals:4 | Entered Level 4 of the Shoals
 59818 | Shoals:4 | Identified the Papyrus of Quantum Bewitchment
 59833 | Shoals:4 | Noticed Louise
 59849 | Shoals:4 | Killed Louise
 59935 | Shoals:4 | Received a gift from Trog
 60394 | Shoals:4 | Reached skill level 5 in Evocations
 60982 | Shoals:4 | Got a barnacled rune of Zot
 61218 | Depths:1 | Entered Level 1 of the Depths
 61236 | Depths:1 | Found a shimmering altar of Xom.
 61238 | Depths:1 | Found a broken altar of Ashenzari.
 61238 | Depths:1 | Found a burning altar of Makhleb.
 61240 | Depths:1 | Found a shimmering altar of Xom.
 61240 | Depths:1 | Found an iron altar of Okawaru.
 61240 | Depths:1 | Found a sacrificial altar of Ru.
 61261 | Depths:1 | Found a gateway to Hell.
 61839 | Depths:1 | Noticed Sojobo
 61865 | Depths:1 | Killed Sojobo
 62367 | Crypt:1  | Entered Level 1 of the Crypt
 63117 | Crypt:1  | Noticed Margery
 63175 | Crypt:1  | Identified the +5 mace of Infinite Pain {vorpal, *Rage
                  | rPois Will+++ Int+3} (Trog gifted it to you on level 1 of
                  | the Crypt)
 63175 | Crypt:1  | Received a gift from Trog
 63374 | Crypt:1  | Noticed Bai Suzhen
 63398 | Crypt:1  | Killed Bai Suzhen
 64859 | Vaults:2 | Killed Margery
 66189 | Crypt:2  | Reached XP level 22. HP: 220/220 MP: 7/22
 67321 | Crypt:3  | Entered Level 3 of the Crypt
 67335 | Crypt:2  | Received a gift from Trog
 67752 | Crypt:3  | Noticed Jory
 67792 | Crypt:3  | Killed Jory
 68175 | Crypt:3  | Found a staircase to the Tomb.
 68197 | Crypt:3  | Identified the ring "Dechudi" {Wiz rCorr}
 69285 | Crypt:3  | Received a gift from Trog
 69326 | Crypt:3  | Noticed Frederick
 69346 | Crypt:3  | Killed Frederick
 69404 | Crypt:3  | Noticed an ancient lich
 69420 | Crypt:3  | Killed an ancient lich
 69421 | Crypt:3  | Reached skill level 24 in Fighting
 69726 | Crypt:3  | Found an ancient bone altar of Kikubaaqudgha.
 70142 | D:15     | Upgraded the game from 0.27-a0-1084-g78b3836a5f to
                  | 0.27-a0-1101-ge311f74bc8
 70383 | Vaults:5 | Entered Level 5 of the Vaults
 70417 | Vaults:4 | HP: 11/222 [vault guard/+1 battleaxe (17)]
 71535 | Vaults:5 | Received a gift from Trog
 71569 | Vaults:5 | Reached XP level 23. HP: 52/231 MP: 23/23
 72807 | Vaults:5 | Noticed a dread lich
 72876 | Vaults:5 | Received a gift from Trog
 73464 | Vaults:4 | Killed a dread lich
 74151 | Vaults:5 | Found the +3 pair of gauntlets of War {Slay+5}
 74267 | Vaults:5 | Identified the +3 leather armour "Hac Weow" {Harm Str+4
                  | Dex-3}
 74661 | Vaults:5 | Identified the ring of Yraeqim {rF+ rCorr Dex+6 Slay+3}
 74663 | Vaults:5 | Received a gift from Trog
 74865 | Vaults:5 | Reached skill level 25 in Fighting
 74966 | Vaults:5 | Found the +10 Black Knight's barding {ponderous, rPois rN+}
 74973 | Vaults:5 | Identified the +3 buckler of Immorality {rElec}
 75482 | Vaults:5 | Got a silver rune of Zot
 75725 | Vaults:5 | Acquired a +0 tower shield of fire resistance
 76223 | Depths:1 | Found a one-way gate to the infinite horrors of the Abyss.
 76633 | Depths:1 | Found a sacrificial altar of Ru.
 77039 | Depths:2 | Reached XP level 24. HP: 243/243 MP: 23/23
 77181 | Depths:2 | Found a transporter.
 77186 | Depths:2 | Noticed Dynuikaup's ghost (veteran TeCj)
 77187 | Depths:2 | Noticed a juggernaut
 77201 | Depths:2 | Found a transporter.
 77304 | Depths:2 | Received a gift from Trog
 77722 | Depths:2 | Identified the +8 morningstar of the Walnut {holy, Stlth+}
 77742 | Depths:2 | Identified the +9 short sword "Newtbane" {flame, rN+++
                  | Will+ MP+9 Int-4}
 77750 | Depths:2 | Identified the +4 shortbow of Deformation {freeze, Fragile
                  | Fly rElec Int+3}
 78536 | Depths:2 | Found a runed translucent door.
 78589 | Depths:2 | Reached skill level 26 in Fighting
 80448 | Depths:3 | Noticed Asterion
 80486 | Depths:3 | Killed Asterion
 80514 | Depths:3 | Identified the +7 hand axe of Checkmate {flame, Contam
                  | Will+++ rCorr Int-5}
 80514 | Depths:3 | Identified the ring "Bushra" {rPois rF+ EV+4 Str-5 Int+4}
 80515 | Depths:3 | Identified the ring "Nannad" {Ice +Blink Will+}
 80581 | Depths:3 | Reached skill level 27 in Fighting
 80582 | Depths:3 | Noticed Boris
 80591 | Depths:3 | Killed Boris
 81349 | Depths:3 | Reached XP level 25. HP: 235/257 MP: 23/23
 81455 | Depths:3 | Identified the +9 morningstar of Diqes {antimagic, +Blink}
                  | (Trog gifted it to you on level 3 of the Depths)
 81455 | Depths:3 | Received a gift from Trog
 82008 | Depths:3 | Found a one-way gate leading to the halls of Pandemonium.
 83029 | Depths:4 | Identified the +8 dagger of Reseluut {pain, rPois Will+
                  | Dex+3 Stlth-}
 83046 | Depths:4 | Received a gift from Trog
 83093 | Depths:4 | Identified the +7 lajatang of Evisceration {venom, rElec}
 83259 | Depths:4 | Noticed a juggernaut
 83274 | Depths:4 | Killed a juggernaut
 83540 | Depths:4 | You fall into a shaft and drop 1 floor!
 83540 | Depths:5 | Entered Level 5 of the Depths
 83540 | Depths:5 | Noticed the Enchantress
 83674 | Depths:4 | Found a corrupted altar of Lugonu.
 83944 | Depths:5 | Found Fuvabal's General Store.
 83969 | Depths:5 | Found a gateway to a ziggurat.
 84258 | Depths:5 | Received a gift from Trog
 84280 | Depths:5 | Killed the Enchantress
 84620 | Depths:5 | Found a gate to the Realm of Zot.
 84895 | Depths:5 | Reached XP level 26. HP: 266/266 MP: 23/23
 85287 | Depths:5 | Noticed Mennas
 85326 | Depths:5 | Killed Mennas
 86356 | Elf:3    | Entered Level 3 of the Elven Halls
 86753 | Elf:3    | Received a gift from Trog
 87448 | Elf:3    | Identified the +11 halberd of Dooxt {elec, *Rage +Blink rF+
                  | Stlth+}
 87588 | Elf:3    | Identified the Tome of Yeast
 87594 | Elf:3    | Identified the +6 lajatang of Outrage {flame, +Blink +Rage
                  | rC+ Dex+4}
 87598 | Elf:3    | Identified the +10 morningstar of Wu Jian {flame, rPois
                  | rCorr MP-9 SInv}
 87619 | Elf:3    | Found the +3 sling "Punk" {acid, rCorr}
 87626 | Elf:3    | Identified the +7 morningstar "Beast's Funeral" {vorpal,
                  | rElec rF+ Str+4 Dex-4} (Trog gifted it to you on level 3 of
                  | the Elven Halls)
 87626 | Elf:3    | Received a gift from Trog
 87657 | Elf:3    | Identified the ring of Gozag's Brutal Revenge {rC+ Will-
                  | Str+6}
 87672 | Elf:3    | Identified the Incunabulum of Bewitching Air
 87675 | Elf:3    | Identified the +6 hand axe of Xuthreats {protect, Int+3}
 88539 | Zot:1    | Entered Level 1 of the Realm of Zot
 89943 | Zot:2    | Noticed an orb of fire
 89948 | Zot:2    | Gained mutation: You are clumsy. (Dex -2) [an orb of fire]
 89960 | Zot:2    | Gained mutation: You are weak. (Str -2) [an orb of fire]
 89972 | Zot:2    | Killed an orb of fire
 90145 | Zot:2    | Reached skill level 10 in Evocations
 91749 | Zot:3    | Reached XP level 27. HP: 269/273 MP: 7/23
 91989 | Zot:5    | Entered Level 5 of the Realm of Zot
 92044 | Zot:4    | Found a runed translucent door.
 92044 | Zot:4    | Found a shimmering altar of Xom.
 92044 | Zot:4    | Noticed Muim's ghost (legendary DrCj)
 94820 | Zot:5    | Noticed an orb of fire
 94821 | Zot:5    | Noticed an orb of fire
 94835 | Zot:4    | Killed an orb of fire
 94882 | Zot:5    | Noticed an orb of fire
 94883 | Zot:5    | Noticed an orb of fire
 94885 | Zot:4    | Gained mutation: You sometimes lose the ability to read
                  | scrolls when taking damage. [an orb of fire]
 94886 | Zot:4    | Gained mutation: Your body sometimes deteriorates upon
                  | taking damage. [an orb of fire]
 94901 | Zot:4    | Killed an orb of fire
 95054 | Zot:5    | Received a gift from Trog
 95089 | Zot:5    | Noticed an orb of fire
 95098 | Zot:5    | Gained mutation: You tend to lose your temper in combat.
                  | [an orb of fire]
 95100 | Zot:5    | Gained mutation: You are dopey. (Int -2) [an orb of fire]
 95105 | Zot:5    | Noticed a dread lich
 95111 | Zot:5    | Gained mutation: You are very dopey. (Int -4) [an orb of
                  | fire]
 95112 | Zot:5    | Gained mutation: You are frail. (-10% HP) [an orb of fire]
 95113 | Zot:5    | Noticed a dread lich
 95115 | Zot:5    | Gained mutation: Potions are less effective at restoring
                  | your health. [an orb of fire]
 95116 | Zot:5    | Gained mutation: You are very weak. (Str -4) [an orb of
                  | fire]
 95119 | Zot:5    | Gained mutation: You occasionally shout uncontrollably at
                  | your foes. [an orb of fire]
 95123 | Zot:5    | Gained mutation: You are very frail. (-20% HP) [an orb of
                  | fire]
 95124 | Zot:5    | HP: 10/218 [???[a dread lich] (5)]
 95124 | Zot:5    | Killed from afar by an orb of fire

Illustrated notes

Levels and vault maps discovered:
D:1:      dpeg_arrival_tiny_k, layout_loops_ring, st_stairs_13,
          minmay_misc_feat_iff
D:2:      layout_basic, serial_shops, nicolae_shop_behind_doors, shop_statue,
          nicolae_shop_behind_doors, shop, shop, st_stairs_1
D:3:      layout_loops_ring, ebering_ecumenical_altar_webs, chequers_jeans
D:4:      layout_basic, minmay_bisected, uniq_robin
D:5:      cheibrodos_two_vegetables, layout_basic, xom_butterflies,
          eat_drink_and_be_merry_uskayaw, nicolae_overflow_crystal_walls,
          minmay_manual_mail
D:6:      layout_gridville, nicolae_wu_jian_wuxing_cycle,
          general_overflow_altar, minmay_temple_entry_proselytizer,
          gammafunk_ghost_nasty_kobolds, st_stairs_8, minmay_bent, uniq_duvessa
D:7:      layout_loops_ring, nicolae_qazlal_eye_of_the_storm, serial_shops,
          shop_fountains, nicolae_shop_crystal, shop, nicolae_shop_crystal,
          hellmonk_bongcloud_opening
D:8:      layout_loops_ring, nicolae_elyvilon_peaceful_grove
D:9:      layout_stronghold, kennysheep_little_box, lemuel_round_altar,
          kennysheep_mini, grunt_dithmenos_shadows, lemuel_round_altar,
          david_orc_3, serial_bayou, serial_bayou_lagoon_b,
          serial_bayou_shore_b, serial_bayou_crossing, serial_bayou_pond_b,
          serial_bayou_pond_b, hangedman_feature_mirror, uniq_prince_ribbit1,
          uniq_erica
D:10:     layout_small_grid, serial_shops, kennysheep_mini_moat
D:11:     layout_loops_ring, dpeg_oklobed_lair, gauntlet_entry_generic,
          enter_bailey_4
D:12:     layout_basic
D:13:     layout_roguey, kennysheep_generic_room_14
D:14:     minmay_the_grid_octo_tiled_squarecenter
          [minmay_the_grid_octo_checkered, minmay_the_grid_octo_pinwheel,
          minmay_the_grid_octo_shrine, minmay_the_grid_octo_77,
          minmay_the_grid_square_5x5_megaprize_crossed,
          minmay_the_grid_square_5x5_two_walls_a,
          minmay_the_grid_square_5x5_hourglass,
          minmay_the_grid_square_5x5_beaten_path,
          minmay_the_grid_square_5x5_bite], layout_cave_pools,
          lightli_vaults_fourway_checkpoint, yredelemnul_altar_generic, pond
D:15:     grunt_enter_depths_magical_seal, layout_loops_cross, enter_trove_2
Lair:1:   layout_gridlike, grunt_megastairs_2
Lair:2:   layout_hall_layers, minmay_shoals_entry_hut, beast_lair_carwin_4,
          lemuel_fruit_fields, serial_bayou_shore_a, serial_bayou_shore_b
Lair:3:   lemuel_ratsnest, layout_long_grid, nicolae_spider_entry_orb_guardian,
          enter_volcano_1, portal_ice_cave_entry_pillars_2, basic_altar
Lair:4:   layout_hall_layers, uniq_nessos, uniq_rupert
Lair:5:   layout_regular_city
Lair:6:   evilmike_catoblepas_cave, layout_cave_pods, slime_dummy
Shoals:1: layout_shoals
Shoals:2: layout_shoals, lightli_airlock
Shoals:3: layout_shoals
Shoals:4: shoals_end_grunt_garden, layout_shoals, serial_shops, shop,
          nicolae_shoals_this_corrosion, uniq_louise
Spider:1: layout_spider_delve
Spider:2: layout_spider_delve, worms_lemuel
Spider:3: layout_spider_delve, uniq_arachne
Spider:4: johnstein_spider_rune_arachne_lair, drop_trap
Orc:1:    layout_caves, serial_shops, nicolae_shop_trees, minmay_orc_treasury
Orc:2:    st_orc_town, layout_caves, uniq_saint_roka
Elf:1:    gammafunk_sealed_library, layout_geoelf_octagon, serial_shops, shop,
          minmay_elf_crystal_hexagon
Elf:2:    layout_rooms, hangedman_research_electronics
Elf:3:    minmay_elf_hall_four_x, layout_rooms
Vaults:1: vaults_mumra_hex, v_alt_pattern_6, ontoclasm_vaults_shout,
          grunt_vaults_funnel, nicolae_vaults_little_ls,
          nicolae_vaults_inception_scallops, v_rooms_2,
          nicolae_vaults_shelves_hall, nicolae_vaults_gold_heap,
          layout_vaults_omnigrid
Vaults:2: v_misc_16, ontoclasm_vaults_bender, nicolae_vaults_alarming,
          emtedronai_trogs_sanctum, minmay_crypt_entry_necro_gods,
          nicolae_vaults_sealed_display, vaults_room_pool, vaults_room_grid,
          vaults_standard_mumra_x, hangedman_vaults_maws,
          ontoclasm_vaults_ring_square, vaults_room_hallway, v_pattern_1,
          nicolae_vaults_asterisk, ontoclasm_vaults_gateway,
          ontoclasm_vaults_eye, layout_vaults_omnibox, serial_shops, shop
Vaults:3: dpeg_vaults_monster_row, v_misc_33, v_pattern_2, v_misc_30,
          grunt_vaults_trifunnel, v_misc_33, vaults_room_pools,
          nicolae_vaults_little_squares_6, v_misc_15,
          ontoclasm_vaults_ring_large, vaults_mumra_lcd, layout_vaults_maze,
          serial_shops, nicolae_shop_behind_doors
Vaults:4: st_spiral_rooms, v_misc_9, hangedman_vaults_pinch,
          nicolae_vaults_little_squares_2, nicolae_vaults_little_squares_2,
          vaults_room_hallway, ontoclasm_vaults_spin, vaults_dpeg_encased_lava,
          v_misc_15, nicolae_vaults_specimen_jars, vaults_mumra_hexcomb,
          layout_vaults_big_cross, uniq_mara
Vaults:5
Crypt:1:  layout_gridlike, amcnicky_mini_rare_corridor_liquid,
          grunt_megastairs_3, uniq_bai_suzhen, uniq_margery
Crypt:2:  layout_gridlike
Crypt:3:  cryptofortress_bobbens, uniq_jory, uniq_frederick
Depths:1: layout_gridlike, nicolae_ru_the_path_less_chosen,
          hangedman_coc_ice_floe, nicolae_abyss_entry_one_way_or_another,
          serial_rivers, chequers_serial_rivers_small_a,
          chequers_serial_rivers_small_b, chequers_serial_rivers_large_b,
          chequers_serial_rivers_small_b, serial_sigils_hangedman_shear,
          doesnt_xom_only_xom, uniq_sojobo
Depths:2: vault_1, layout_gridlike, gammafunk_ghost_wrathful_warriors,
          hell_entry, minmay_misc_feat_alley, minmay_hidden_floor
Depths:3: box_level_dp, hell_entry, pan_entry, uniq_boris, uniq_asterion
Depths:4: minmay_mutant_horseshoe, layout_cave_pools, hell_entry,
          abyss_entry_flame_altar, minmay_misc_feat_tiny
Depths:5: grunt_crosshair, layout_gridlike, enter_ziggurat_d,
          grunt_mini_vestibule, serial_shops, shop, uniq_mennas,
          uniq_enchantress
Zot:1:    layout_basic
Zot:2:    kennysheep_room_grid, layout_basic
Zot:3:    layout_concentric_octagons
Zot:4:    layout_basic, ebering_ghost_xom, lemuel_elevator
Zot:5:    layout_twisted_circle

Skill      XL: |  1  2  3  4  5  6  7  8  9 10 11 12 13 14 15 16 17 18 19 20 21 22 23 24 25 26 27 |
---------------+----------------------------------------------------------------------------------+-----
Dodging        | 3 4 6 7 8 9 10 11 12 13 14 15 16 17 18 19 20 21 22 | 22.1
Maces & Flails | 4 5 6 7 8 10 12 13 14 15 16 17 18 19 20 | 20.5
Fighting       | 4 5 6 7 8 9 11 12 14 15 16 17 18 20 21 23 24 25 27 | 27.0
Shields        | 4 9 11 12 13 14 15 16 17 18 19 20 21 22 23 24 | 24.5
Evocations     | 1 7 10 11 | 11.0

Action                   |  1- 3 |  4- 6 |  7- 9 | 10-12 | 13-15 | 16-18 | 19-21 | 22-24 | 25-27 || total
-------------------------+-------+-------+-------+-------+-------+-------+-------+-------+-------++-------
Melee: Mace              |   115 |    44 |       |       |       |       |       |       |       ||   159
       Tailslap          |    15 |    14 |    57 |   187 |   330 |   323 |   596 |   507 |   427 ||  2456
       Flail             |       |    70 |   311 |   755 |  1264 |   109 |       |       |       ||  2509
       Eveningstar       |       |       |       |       |       |  1243 |   777 |  1235 |   664 ||  3919
       Morningstar       |       |       |       |       |       |       |  1506 |   774 |   877 ||  3157
 Fire: Hunting sling     |       |    19 |    18 |       |       |       |       |       |       ||    37
Invok: Berserk           |     1 |     4 |     8 |    14 |    15 |    16 |    24 |    15 |     7 ||   104
       Trog's Hand       |       |     3 |     5 |     9 |    10 |    14 |    12 |    12 |     7 ||    72
       Brothers in Arms  |       |       |       |     2 |     2 |       |     6 |     4 |     6 ||    20
 Abil: Breathe Noxious F |       |       |     3 |     8 |     2 |     1 |     2 |     1 |       ||    17
Evoke: Wand              |       |       |       |    25 |     1 |     5 |     9 |     1 |     1 ||    42
  Use: Scroll            |     1 |     3 |     5 |    13 |     5 |     9 |    12 |     6 |    22 ||    76
       Potion            |       |       |       |     2 |       |       |     5 |     4 |     8 ||    19
 Stab: Sleeping          |     3 |       |       |     1 |     1 |     5 |    10 |     7 |    12 ||    39
       Confused          |       |       |       |     5 |       |       |       |     1 |     2 ||     8
       Distracted        |       |       |       |     1 |     1 |     3 |     5 |     2 |     4 ||    16
       Petrifying        |       |       |       |       |       |     1 |       |       |       ||     1
Armor: Skin              |    38 |    33 |   125 |   176 |   155 |   194 |   151 |   166 |    95 ||  1133
Dodge: Dodged            |    93 |    83 |   174 |   335 |   540 |   479 |   549 |   676 |   500 ||  3429
Block: Kite shield       |       |       |       |   224 |   503 |       |       |       |       ||   727
       Tower shield      |       |       |       |       |   679 |  1987 |  2512 |  2156 |  1516 ||  8850

Table legend: (Time is in decaauts)
 A = Elapsed time spent in this place.
 B = Non-inter-level travel time spent in this place.
 C = Inter-level travel time spent in this place.
 D = Time resting spent in this place.
 E = Time spent auto-exploring this place.
 F = Levels seen in this place.
 G = Mean time per level.
                   A        B        C        D        E       F      G
               +--------+--------+--------+--------+--------+-----+--------+
         Total |  94894 |  88932 |   5962 |  32867 |  21644 |  53 | 1790.5 |
       Dungeon |  23198 |  20693 |   2505 |   7868 |   7219 |  15 | 1546.5 |
          Lair |  10143 |   9586 |    557 |   3167 |   4136 |   6 | 1690.5 |
        Shoals |   5257 |   5053 |    204 |   2175 |    324 |   4 | 1314.2 |
   Spider Nest |   7111 |   6568 |    543 |   2044 |   1635 |   4 | 1777.8 |
  Orcish Mines |   2489 |   2208 |    281 |    210 |    972 |   2 | 1244.5 |
   Elven Halls |   5290 |   5099 |    191 |   1607 |    776 |   3 | 1763.3 |
        Vaults |  17085 |  16314 |    771 |   7862 |   1536 |   5 | 3417.0 |
         Crypt |   6698 |   6527 |    171 |   3009 |    277 |   3 | 2232.7 |
        Depths |  10798 |  10296 |    502 |   3037 |   3379 |   5 | 2159.6 |
           Zot |   6418 |   6186 |    232 |   1653 |   1389 |   5 | 1283.6 |
      Gauntlet |    402 |    402 |      0 |    231 |      0 |   1 |  402.0 |
               +--------+--------+--------+--------+--------+-----+--------+

Top non-repeatable levels by time:
Vaults:4: 5004 daAuts
Depths:3: 3872 daAuts
     D:9: 3544 daAuts
Vaults:5: 3272 daAuts
Vaults:3: 3192 daAuts
    D:14: 3152 daAuts
Vaults:1: 2867 daAuts
Vaults:2: 2749 daAuts
   Elf:2: 2660 daAuts
  Lair:6: 2627 daAuts
 Crypt:1: 2495 daAuts
Spider:3: 2483 daAuts
 Crypt:3: 2424 daAuts
Depths:5: 2099 daAuts
  Lair:1: 1998 daAuts
